| TOP OF THE 1ST |
|
Memphis Redbirds batting - Pitching for Reno Aces : RHP Yeong-kil Suck
|
|
Pitching: RHP Yeong-kil Suck
|
|
|
Batting: RHB Josh Martin
|
0-0: Ball 1-0: Called Strike 1-1: Called Strike 1-2: Foul Ball, location: 2F 1-2: Fly out, F8 (Flyball, 89XD, EV 86.9 MPH)
|
|
Batting: RHB Tyler Walker
|
0-0: Ball 1-0: Foul Ball, location: 2F 1-1: Fly out, F9 (Flyball, 9D, EV 108.8 MPH)
|
|
Batting: SHB Gerardo Macias
|
0-0: Ball 1-0: Foul Ball, location: 2F 1-1: Foul Ball, location: 2F 1-2: Ground out U3 (Groundball, 3, EV 98.1 MPH)
|
| Top of the 1st over - 0 runs, 0 hits, 0 errors, 0 left on base; Memphis 0 - Reno 0 |
| BOTTOM OF THE 1ST |
|
Reno Aces batting - Pitching for Memphis Redbirds : RHP Nick Mistretta
|
|
Pitching: RHP Nick Mistretta
|
|
|
Batting: LHB Willie Gutierrez
|
0-0: Called Strike 0-1: Foul Ball, location: 2F 0-2: Foul Ball, location: 2F 0-2: Strikes out swinging
|
|
Batting: RHB Jesus Galvan
|
0-0: Ball 1-0: Foul Ball, location: 2F 1-1: Ball 2-1: Foul Ball, location: 2F 2-2: Strikes out looking
|
|
Batting: LHB Bobby Arevalo
|
0-0: Ball 1-0: Ball 2-0: Foul Ball, location: 2F 2-1: Foul Ball, location: 2F 2-2: Ball 3-2: Fly out, F7 (Flyball, 7LDF, EV 99.4 MPH)
|
| Bottom of the 1st over - 0 runs, 0 hits, 0 errors, 0 left on base; Memphis 0 - Reno 0 |
| TOP OF THE 2ND |
|
Memphis Redbirds batting - Pitching for Reno Aces : RHP Yeong-kil Suck
|
|
Batting: RHB Andres Mendiola
|
0-0: Ball 1-0: Called Strike 1-1: Ground out 5-3 (Groundball, 56, EV 104.4 MPH)
|
|
Batting: RHB Joe Alley
|
0-0: Ball 1-0: Swinging Strike 1-1: Ball 2-1: Foul Ball, location: 2F 2-2: Foul Ball, location: 2F 2-2: Ball 3-2: Foul Ball, location: 2F 3-2: SOLO HOME RUN (Flyball, 7D, EV 101.9 MPH), Distance : 396 ft
|
|
Batting: LHB Ronnie Ashley
|
0-0: Swinging Strike 0-1: Foul Ball, location: 2F 0-2: Ball 1-2: Strikes out swinging
|
|
Batting: RHB Dan Boykins
|
0-0: Ball 1-0: Ball 2-0: Ball 3-0: Base on Balls
|
|
Batting: RHB Tommy Tracy
|
0-0: Ball 1-0: Ball 2-0: Ball 3-0: Base on Balls Dan Boykins to second
|
|
Batting: RHB Roberto Duron
|
0-0: Foul Ball, location: 2F 0-1: Fly out, F8 (Flyball, 8RD, EV 89.4 MPH)
|
| Top of the 2nd over - 1 run, 1 hit, 0 errors, 2 left on base; Memphis 1 - Reno 0 |
| BOTTOM OF THE 2ND |
|
Reno Aces batting - Pitching for Memphis Redbirds : RHP Nick Mistretta
|
|
Batting: LHB Ian Jarvis
|
0-0: Ball 1-0: Called Strike 1-1: Foul Ball, location: 2F 1-2: Ball 2-2: Foul Ball, location: 2F 2-2: Foul Ball, location: 2F 2-2: Foul Ball, location: 2F 2-2: Foul Ball, location: 2F 2-2: SINGLE (Line Drive, 4M, EV 99.4 MPH)
|
|
Batting: LHB Soo-yeon Kym
|
0-0: Ball 1-0: Foul Ball, location: 2F 1-1: Ball 2-1: Grounds into double play, 5-4-3 (Groundball, 5, EV 103.1 MPH)
|
|
Batting: RHB Enrique Juarez
|
0-0: Swinging Strike 0-1: Called Strike 0-2: Strikes out swinging
|
| Bottom of the 2nd over - 0 runs, 1 hit, 0 errors, 0 left on base; Memphis 1 - Reno 0 |
| TOP OF THE 3RD |
|
Memphis Redbirds batting - Pitching for Reno Aces : RHP Yeong-kil Suck
|
|
Batting: RHB Josh Martin
|
0-0: Called Strike 0-1: SINGLE (Groundball, 6, EV 103.8 MPH)
|
|
Batting: RHB Tyler Walker
|
0-0: Ball 1-0: Called Strike 1-1: Ball 2-1: Ball 3-1: Base on Balls Josh Martin to second
|
|
Batting: SHB Gerardo Macias
|
0-0: Ball 1-0: Ball 2-0: SINGLE (Groundball, 34D, EV 105.0 MPH) Josh Martin to third Tyler Walker to second
|
|
Batting: RHB Andres Mendiola
|
0-0: Foul Ball, location: 2F 0-1: SINGLE (Groundball, 6MD, EV 106.9 MPH) Josh Martin scores Tyler Walker to third Gerardo Macias to second Runner from 3rd tries for Home, SAFE, throw by CF to home Gerardo Macias to third Andres Mendiola to second
|
|
Batting: RHB Joe Alley
|
0-0: Foul Ball, location: 2F 0-1: Swinging Strike 0-2: Ball 1-2: Ball 2-2: Strikes out swinging
|
|
Batting: LHB Ronnie Ashley
|
0-0: Ball 1-0: DOUBLE (Line Drive, 78D, EV 109.4 MPH) Gerardo Macias scores Andres Mendiola scores
|
|
Pitching: LHP Nate Ciccarelli
|
|
|
Batting: RHB Dan Boykins
|
0-0: Ball 1-0: Fly out, F8 (Flyball, 89D, EV 83.8 MPH)
|
|
Batting: RHB Tommy Tracy
|
0-0: Called Strike 0-1: Hit by Pitch
|
|
Batting: RHB Roberto Duron
|
0-0: Called Strike 0-1: Swinging Strike 0-2: Foul Ball, location: 2F 0-2: Ball 1-2: Foul Ball, location: 2F 1-2: Foul Ball, location: 2F 1-2: SINGLE (Groundball, 56D, EV 103.8 MPH) Ronnie Ashley to third Tommy Tracy to second
|
|
Batting: RHB Josh Martin
|
0-0: Foul Ball, location: 2F 0-1: Ball 1-1: Ball 2-1: Ball Wild Pitch! Ronnie Ashley scores Tommy Tracy to third Roberto Duron to second 3-1: Base on Balls
|
|
Batting: RHB Tyler Walker
|
0-0: Ball 1-0: SINGLE (Groundball, 6D, EV 108.8 MPH) Tommy Tracy scores Roberto Duron to third Josh Martin to second Runner from 3rd tries for Home, SAFE, throw by CF to home
|
|
Batting: SHB Gerardo Macias
|
0-0: Called Strike 0-1: Swinging Strike 0-2: Strikes out swinging
|
| Top of the 3rd over - 7 runs, 6 hits, 0 errors, 2 left on base; Memphis 8 - Reno 0 |
| BOTTOM OF THE 3RD |
|
Reno Aces batting - Pitching for Memphis Redbirds : RHP Nick Mistretta
|
|
Batting: RHB Dustin Clark
|
0-0: Ball 1-0: Ball 2-0: Called Strike 2-1: Swinging Strike 2-2: Ball 3-2: Strikes out swinging
|
|
Batting: RHB Yutaka Oki
|
0-0: Ball 1-0: Called Strike 1-1: Ground out 4-3 (Groundball, 4, EV 81.2 MPH)
|
|
Batting: RHB Jose Sisneros
|
0-0: Ball 1-0: Ball 2-0: Ball 3-0: Ground out 4-3 (Groundball, 4, EV 88.8 MPH)
|
| Bottom of the 3rd over - 0 runs, 0 hits, 0 errors, 0 left on base; Memphis 8 - Reno 0 |
| TOP OF THE 4TH |
|
Memphis Redbirds batting - Pitching for Reno Aces : LHP Nate Ciccarelli
|
|
Batting: RHB Andres Mendiola
|
0-0: Ball 1-0: Called Strike 1-1: SINGLE (Line Drive, 89S, EV 89.4 MPH)
|
|
Batting: RHB Joe Alley
|
0-0: Ball 1-0: Ground out 6-3 (Groundball, 6M, EV 88.8 MPH) Andres Mendiola to second
|
|
Batting: LHB Ronnie Ashley
|
0-0: Called Strike 0-1: Ball 1-1: Ground out 6-3 (Groundball, 6, EV 91.9 MPH) Andres Mendiola to third
|
|
Batting: RHB Dan Boykins
|
0-0: Fly out, F7 (Flyball, 78M, EV 85.0 MPH)
|
| Top of the 4th over - 0 runs, 1 hit, 0 errors, 1 left on base; Memphis 8 - Reno 0 |
| BOTTOM OF THE 4TH |
|
Reno Aces batting - Pitching for Memphis Redbirds : RHP Nick Mistretta
|
|
Batting: LHB Willie Gutierrez
|
0-0: Called Strike 0-1: Swinging Strike 0-2: Strikes out swinging
|
|
Batting: RHB Jesus Galvan
|
0-0: Called Strike 0-1: Foul Ball, location: 2F 0-2: Ball 1-2: Fly out, F8 (Line Drive, 8RD, EV 96.9 MPH)
|
|
Batting: LHB Bobby Arevalo
|
0-0: Ball 1-0: Called Strike 1-1: Ball 2-1: Ball 3-1: Base on Balls
|
|
Batting: LHB Ian Jarvis
|
0-0: Ball 1-0: Called Strike 1-1: Swinging Strike 1-2: Foul Ball, location: 2F 1-2: Ball Bobby Arevalo steals 2nd base 2-2: Foul Ball, location: 2F 2-2: Foul Ball, location: 2F 2-2: Ball 3-2: Base on Balls
|
|
Batting: LHB Soo-yeon Kym
|
0-0: Ball 1-0: Ball 2-0: Called Strike 2-1: Called Strike 2-2: Foul Ball, location: 2F 2-2: Foul Ball, location: 2F 2-2: Ball 3-2: Base on Balls Bobby Arevalo to third Ian Jarvis to second
|
|
Batting: RHB Enrique Juarez
|
0-0: Foul Ball, location: 2F 0-1: Ball 1-1: Swinging Strike 1-2: Ball 2-2: Foul Ball, location: 2F 2-2: Ball 3-2: Strikes out swinging
|
| Bottom of the 4th over - 0 runs, 0 hits, 0 errors, 3 left on base; Memphis 8 - Reno 0 |
| TOP OF THE 5TH |
|
Memphis Redbirds batting - Pitching for Reno Aces : LHP Nate Ciccarelli
|
|
Batting: RHB Tommy Tracy
|
0-0: Called Strike 0-1: Ball 1-1: Ball 2-1: Foul Ball, location: 2F 2-2: Ball 3-2: Base on Balls
|
|
Batting: RHB Roberto Duron
|
0-0: Swinging Strike 0-1: Called Strike 0-2: Foul Ball, location: 2F 0-2: Strikes out swinging
|
|
Batting: RHB Josh Martin
|
0-0: Ball 1-0: Foul Ball, location: 2F 1-1: Swinging Strike 1-2: Fielders Choice at 2nd, 3-6 (Groundball, 3, EV 86.9 MPH)
|
|
Batting: RHB Tyler Walker
|
0-0: Foul Ball, location: 2F 0-1: Foul Ball, location: 2F 0-2: Strikes out swinging
|
| Top of the 5th over - 0 runs, 0 hits, 0 errors, 1 left on base; Memphis 8 - Reno 0 |
| BOTTOM OF THE 5TH |
|
Reno Aces batting - Pitching for Memphis Redbirds : RHP Nick Mistretta
|
|
Pitching: LHP John Roe
|
|
|
Batting: RHB Dustin Clark
|
0-0: Foul Ball, location: 2F 0-1: Called Strike 0-2: Ball 1-2: Ball 2-2: Strikes out looking
|
|
Batting: RHB Yutaka Oki
|
0-0: Ball 1-0: Ground out 5-3 (Groundball, 56, EV 99.4 MPH)
|
|
Batting: RHB Jose Sisneros
|
0-0: Ground out 6-3 (Groundball, 6M, EV 84.4 MPH)
|
| Bottom of the 5th over - 0 runs, 0 hits, 0 errors, 0 left on base; Memphis 8 - Reno 0 |
| TOP OF THE 6TH |
|
Memphis Redbirds batting - Pitching for Reno Aces : LHP Nate Ciccarelli
|
|
Pitching: RHP Ron Hawkins
|
|
|
Batting: SHB Gerardo Macias
|
0-0: Ball 1-0: Called Strike 1-1: Foul Ball, location: 2F 1-2: Strikes out swinging
|
|
Batting: RHB Andres Mendiola
|
0-0: Swinging Strike 0-1: Ground out 5-3 (Groundball, 56, EV 85.6 MPH)
|
|
Batting: RHB Joe Alley
|
0-0: Called Strike 0-1: Ball 1-1: Foul Ball, location: 2F 1-2: Ball 2-2: Ground out 6-3 (Groundball, 6, EV 78.1 MPH)
|
| Top of the 6th over - 0 runs, 0 hits, 0 errors, 0 left on base; Memphis 8 - Reno 0 |
| BOTTOM OF THE 6TH |
|
Reno Aces batting - Pitching for Memphis Redbirds : LHP John Roe
|
|
Batting: LHB Willie Gutierrez
|
0-0: Called Strike 0-1: Called Strike 0-2: Ball 1-2: Foul Ball, location: 2F 1-2: Strikes out looking
|
|
Batting: RHB Jesus Galvan
|
0-0: Ball 1-0: Called Strike 1-1: Ball 2-1: Foul Ball, location: 2F 2-2: Ball 3-2: Foul Ball, location: 2F 3-2: Base on Balls
|
|
Batting: LHB Bobby Arevalo
|
0-0: Called Strike 0-1: Foul Ball, location: 2F 0-2: Strikes out looking
|
|
Batting: LHB Ian Jarvis
|
0-0: Ball Jesus Galvan steals 2nd base 1-0: Called Strike 1-1: Called Strike 1-2: Ground out 4-3 (Groundball, 13, EV 83.8 MPH)
|
| Bottom of the 6th over - 0 runs, 0 hits, 0 errors, 1 left on base; Memphis 8 - Reno 0 |
| TOP OF THE 7TH |
|
Memphis Redbirds batting - Pitching for Reno Aces : RHP Ron Hawkins
|
|
Batting: LHB Ronnie Ashley
|
0-0: Called Strike 0-1: Ball 1-1: Ball 2-1: Foul Ball, location: 2F 2-2: Foul Ball, location: 2F 2-2: Foul Ball, location: 2F 2-2: Ground out 5-3 (Groundball, 56, EV 83.1 MPH)
|
|
Batting: RHB Dan Boykins
|
0-0: Foul Ball, location: 2F 0-1: Ball 1-1: Called Strike 1-2: Foul Ball, location: 2F 1-2: Ball 2-2: Reached on error, E4 (Groundball, 4, EV 105.6 MPH)
|
|
Batting: RHB Tommy Tracy
|
0-0: Fielders Choice at 2nd, 6-4 (Groundball, 6, EV 76.2 MPH)
|
|
Batting: RHB Roberto Duron
|
0-0: Swinging Strike 0-1: Ball 1-1: Fielders Choice at 2nd, 6-4 (Groundball, 6, EV 88.1 MPH)
|
| Top of the 7th over - 0 runs, 0 hits, 1 error, 1 left on base; Memphis 8 - Reno 0 |
| BOTTOM OF THE 7TH |
|
Reno Aces batting - Pitching for Memphis Redbirds : LHP John Roe
|
|
Pinch Hitting: RHB Justin McQuarter
|
0-0: Ball 1-0: Ball 2-0: Swinging Strike 2-1: Called Strike 2-2: Ball 3-2: Foul Ball, location: 2F 3-2: SINGLE (Groundball, 56D, EV 104.4 MPH)
|
|
Pitching: RHP Josh Sabatino
|
|
|
Pinch Hitting: RHB Ernest Olkowicz
|
0-0: Fly out, F9 (Flyball, 89D, EV 106.9 MPH)
|
|
Batting: RHB Dustin Clark
|
0-0: Called Strike 0-1: Ball 1-1: Ball 2-1: Ball 3-1: Base on Balls Justin McQuarter to second
|
|
Batting: RHB Yutaka Oki
|
0-0: Fly out, F7 (Flyball, 7D, EV 101.9 MPH)
|
|
Batting: RHB Jose Sisneros
|
0-0: Called Strike 0-1: Ball 1-1: Fly out, F2 (Popup, 2RF, EV 97.5 MPH)
|
| Bottom of the 7th over - 0 runs, 1 hit, 0 errors, 2 left on base; Memphis 8 - Reno 0 |
| TOP OF THE 8TH |
|
Memphis Redbirds batting - Pitching for Reno Aces : RHP Ron Hawkins
|
|
Now at 1B: Justin McQuarter
|
|
|
Now at 2B: Jesus Galvan
|
|
|
Now in LF: Ernest Olkowicz
|
|
|
Batting: RHB Josh Martin
|
0-0: Called Strike 0-1: Called Strike 0-2: Ball 1-2: SINGLE (Line Drive, 56D, EV 106.2 MPH)
|
|
Batting: RHB Tyler Walker
|
0-0: Swinging Strike 0-1: Ball 1-1: Called Strike 1-2: Ball 2-2: Ball 3-2: 2-RUN HOME RUN (Flyball, 7D, EV 96.2 MPH), Distance : 382 ft
|
|
Batting: SHB Gerardo Macias
|
0-0: Fly out, F7 (Flyball, 7LM, EV 108.8 MPH)
|
|
Batting: RHB Andres Mendiola
|
0-0: SOLO HOME RUN (Flyball, 7D, EV 97.5 MPH), Distance : 377 ft
|
|
Batting: RHB Joe Alley
|
0-0: Called Strike 0-1: Ball 1-1: Called Strike 1-2: Fly out, F8 (Line Drive, 78M, EV 97.5 MPH)
|
|
Batting: LHB Ronnie Ashley
|
0-0: Called Strike 0-1: Fly out, F8 (Flyball, 8LD, EV 96.2 MPH)
|
| Top of the 8th over - 3 runs, 3 hits, 0 errors, 0 left on base; Memphis 11 - Reno 0 |
| BOTTOM OF THE 8TH |
|
Reno Aces batting - Pitching for Memphis Redbirds : RHP Josh Sabatino
|
|
Batting: LHB Willie Gutierrez
|
0-0: Called Strike 0-1: Called Strike 0-2: Ground out 4-3 (Groundball, 4, EV 88.1 MPH)
|
|
Pinch Hitting: RHB Chris Stillions
|
0-0: Called Strike 0-1: Swinging Strike 0-2: Foul Ball, location: 2F 0-2: Hit by Pitch
|
|
Batting: LHB Bobby Arevalo
|
0-0: Ball 1-0: Foul Ball, location: 2F 1-1: SINGLE (Groundball, 34D, EV 97.5 MPH) Chris Stillions to second Runner from 2nd tries for 3rd, SAFE, throw by RF made to third
|
|
Batting: LHB Ian Jarvis
|
0-0: Ball 1-0: Called Strike 1-1: Ball 2-1: Ball 3-1: Called Strike 3-2: Foul Ball, location: 2F 3-2: Fielders Choice at 2nd, 6-4 (Groundball, 56, EV 82.5 MPH) Chris Stillions scores
|
|
Pinch Hitting: LHB Jeff Harmon
|
0-0: Called Strike 0-1: Ball 1-1: Foul Ball, location: 2F 1-2: Strikes out swinging
|
| Bottom of the 8th over - 1 run, 1 hit, 0 errors, 1 left on base; Memphis 11 - Reno 1 |
| TOP OF THE 9TH |
|
Memphis Redbirds batting - Pitching for Reno Aces : RHP Ron Hawkins
|
|
Now at 1B: Chris Stillions
|
|
|
Now at 2B: Cesar Chavez
|
|
|
Batting: RHB Dan Boykins
|
0-0: Ball 1-0: Swinging Strike 1-1: Ground out 6-3 (Groundball, 6, EV 111.2 MPH)
|
|
Batting: RHB Tommy Tracy
|
0-0: DOUBLE (Line Drive, 8LXD, EV 101.2 MPH)
|
|
Pitching: LHP Tristan Morrow
|
|
|
Batting: RHB Roberto Duron
|
0-0: Ground out 5-3 (Groundball, 56, EV 88.1 MPH)
|
|
Batting: RHB Josh Martin
|
0-0: Called Strike 0-1: Ball 1-1: Foul Ball, location: 2F 1-2: Strikes out looking
|
| Top of the 9th over - 0 runs, 1 hit, 0 errors, 1 left on base; Memphis 11 - Reno 1 |
| BOTTOM OF THE 9TH |
|
Reno Aces batting - Pitching for Memphis Redbirds : RHP Josh Sabatino
|
|
Batting: RHB Ernest Olkowicz
|
0-0: Ball 1-0: Ball 2-0: SINGLE (Line Drive, 4M, EV 99.4 MPH)
|
|
Batting: RHB Dustin Clark
|
0-0: Called Strike 0-1: SINGLE (Line Drive, 9S, EV 103.1 MPH) Ernest Olkowicz to second
|
|
Pinch Hitting: LHB Tommy King
|
0-0: Called Strike 0-1: Ball 1-1: Fly out, F9 (Flyball, 9S, EV 92.5 MPH)
|
|
Pinch Hitting: SHB Gerardo Flores
|
0-0: Ball 1-0: Ball 2-0: Called Strike 2-1: Fly out, F8 (Flyball, 78D, EV 101.9 MPH)
|
|
Pitching: LHP Kenji Yokoyama
|
|
|
Pinch Hitting: RHB Edgar Garcia
|
0-0: Called Strike 0-1: Ball 1-1: Called Strike 1-2: Fly out, F8 (Flyball, 89M, EV 79.4 MPH)
|
| Bottom of the 9th over - 0 runs, 2 hits, 0 errors, 2 left on base; Memphis 11 - Reno 1 |
|